 Dungeon Crawl Stone Soup version 0.31-a0-263-ge8cad7f256 (webtiles) character file.

Game seed: 15377318353449162908

341 qw the Shooter (level 6, -1/55 HPs)
             Began as a Minotaur Hexslinger on July 13, 2023.
             Slain by a black bear (2 damage)
             ... on level 4 of the Dungeon.
             The game lasted 00:01:02 (2500 turns).

qw the Shooter (Minotaur Hexslinger)                Turns: 2500, Time: 00:01:02

Health: -1/55      AC:  7    Str: 12    XL:     6   Next: 30%
Magic:  6/6        EV: 12    Int: 10    God:
Gold:   151        SH:  0    Dex: 15    Spells: 6/7 levels left

rFire   . . .        Y - +2 sling
rCold   . . .        (no shield)
rNeg    . . .        a - +0 leather armour
rPois   .            (helmet restricted)
rElec   .            (no cloak)
rCorr   .            (no gloves)
SInv    .            (no boots)
Will    .....        (no amulet)
Stlth   +            g - +4 ring of protection
HPRegen 0.29/turn    (no ring)
MPRegen 0.10/turn

%: no passive effects
@: no status effects
A: horns 2, retaliatory headbutt
a: no special abilities


You were on level 4 of the Dungeon.
You visited 1 branch of the dungeon, and saw 4 of its levels.

You collected 151 gold pieces.


Innate Abilities, Weirdness & Mutations

You have a pair of horns on your head.
You reflexively headbutt those who attack you in melee.


   Skills:
 - Level 4.8 Fighting
 + Level 6.0 Ranged Weapons
 - Level 2.1 Dodging
 - Level 1.0 Spellcasting
 - Level 2.0 Hexes


You had 6 spell levels left.
You knew the following spells:

 Your Spells              Type           Power      Damage    Failure   Level
a - Slow                  Hex            16%        N/A       19%         1

Your spell library contained the following spells:

 Spells                   Type           Power      Damage    Failure   Level
 Inner Flame              Hex/Fire       2%         N/A       65%         3
 Portal Projectile        Hex/Tloc       4%         N/A       65%         3
 Cause Fear               Hex            2%         N/A       88%         4

Inventory:

Hand Weapons
 Y - a +2 sling (weapon)
Armour
 a - a +0 leather armour (worn)
Jewellery
 g - a +4 ring of protection (left hand)
Potions
 b - a potion of brilliance {unknown}
 d - a potion of enlightenment {unknown}
 f - a potion of invisibility {unknown}
 h - a potion of degeneration {unknown}
 i - a potion of haste {unknown}
 k - a potion of heal wounds {unknown}
 l - a potion of lignification {unknown}

Dungeon Overview and Level Annotations

Branches:
Dungeon (4/15)
 Temple: D:4-7

Altars:
The Shining One

Shops:
D:2 :

Annotations:
D:4 Pikel


Message History

The black bear claws you but does no damage.
You shoot a sling bullet. The sling bullet hits the black bear!
The black bear is almost dead.
The iguana barely misses you.
The black bear goes berserk!
The black bear barely misses you. x2; The black bear claws you.
The iguana bites you!
You shoot a sling bullet.
The sling bullet hits the black bear but does no damage.
The black bear is almost dead.
The black bear closely misses you. You furiously retaliate!
You headbutt the black bear.
The black bear claws you but does no damage. x2
The iguana closely misses you.
You shoot a sling bullet. The sling bullet hits the black bear.
The black bear is almost dead.
The black bear closely misses you. The black bear claws you.
The black bear claws you but does no damage.
The iguana bites you. The black bear bites you. The black bear claws you.
The black bear claws you but does no damage.
You shoot a sling bullet.
The sling bullet hits the black bear but does no damage.
The black bear is almost dead.
The black bear bites you but does no damage.
The black bear barely misses you. x2
The iguana bites you but does no damage.
The black bear bites you.
The black bear claws you but does no damage.
The black bear claws you.
You shoot a sling bullet. The sling bullet hits the black bear.
The black bear is almost dead.
The black bear bites you but does no damage.
The black bear barely misses you.
The black bear claws you but does no damage.
The iguana closely misses you.
You shoot a sling bullet. The sling bullet hits the black bear.
The black bear is almost dead.
The black bear bites you. The black bear claws you.
The black bear barely misses you. The iguana bites you!
The black bear closely misses you. The black bear claws you.
You die...

..## ..# ..
...###..# ...
#.....# ...#
#...# ...#
#...## #..#
##....##
#..##..##..##
#....####.)##
#..@.# ##).##
##hl.# ##%.##
..$..# ##..#
........
##.##
##........
#..##
......#.#..
##..##
.......#....#
#...# ......#
#...# ##...#
.. #..#
##...##


You could see a black bear (berserk) and an iguana.

Vanquished Creatures
  An ogre (D:4)
  Natasha (thrice) (D:3)
  An orc wizard (D:3)
  Robin (D:3)
  3 gnolls (D:3)
  4 adders
  2 worms (D:2)
  A dart slug (D:1)
  3 orcs
  12 ball pythons
  4 endoplasms
  2 giant cockroaches
  11 goblins
  5 hobgoblins
  A jackal (D:1)
  5 kobolds
  2 quokkas
  4 bats
  5 frilled lizards
  9 rats
79 creatures vanquished.

Notes
Turn   | Place    | Note
-------+----------+-------------------------------------------
     0 | D:1      | qw the Minotaur Hexslinger began the quest for the Orb.
     0 | D:1      | Reached XP level 1. HP: 16/16 MP: 1/1
     0 | D:1      | 0 ||| qw: Version: 0.3-a-52-g30416fa
     0 | D:1      | 0 ||| qw: Game counter: 7529
     0 | D:1      | 0 ||| qw: Melee chars always use a shield: true
     0 | D:1      | 0 ||| qw: God list: Okawaru
     0 | D:1      | 0 ||| qw: Allow faded altars: false
     0 | D:1      | 0 ||| qw: Do Orc after clearing Dungeon:15 true
     0 | D:1      | 0 ||| qw: Do second Lair branch before Depths: true
     0 | D:1      | 0 ||| qw: Lair rune preference: random
     0 | D:1      | 0 ||| qw: Goals: Normal
     0 | D:1      | 0 ||| PLANNING D:1-11
   163 | D:1      | Reached skill level 3 in Ranged Weapons
   165 | D:1      | Reached XP level 2. HP: 23/23 MP: 2/2
   313 | D:1      | 313 ||| FLEEEEING.
   391 | D:1      | Reached XP level 3. HP: 29/29 MP: 3/3
   806 | D:1      | 806 ||| READING scroll labelled ILOUMU UTUWABB.
   807 | D:1      | 807 ||| READING scroll labelled HITHREP ULUMU.
   808 | D:1      | 808 ||| READING scroll labelled BAUGOS FOEGURR.
   809 | D:1      | 809 ||| DROPPING scroll of poison.
   985 | D:2      | Reached skill level 4 in Ranged Weapons
   987 | D:2      | Found Keblainn's Book Emporium.
  1418 | D:2      | 1418 ||| UPGRADING to +0 leather armour.
  1428 | D:2      | 1428 ||| DROPPING +0 robe.
  1429 | D:2      | 1429 ||| UPGRADING to +4 ring of protection.
  1430 | D:2      | 1430 ||| READING scroll labelled ATUIHITW JAADABB.
  1433 | D:2      | 1433 ||| DRINKING 2 black potions.
  1442 | D:2      | 1442 ||| DROPPING potion of ambrosia.
  1465 | D:3      | Noticed Natasha
  1489 | D:3      | HP: 1/29 [Natasha (7)]
  1491 | D:3      | Killed Natasha
  1492 | D:3      | Reached XP level 4. HP: 3/36 MP: 4/4
  1578 | D:3      | Noticed Natasha
  1579 | D:3      | 1579 ||| FLEEEEING.
  1591 | D:3      | Killed Natasha
  1592 | D:3      | Reached skill level 5 in Ranged Weapons
  1666 | D:3      | Reached XP level 5. HP: 42/42 MP: 5/5
  1711 | D:3      | Identified the +5 war axe "Cyama" {drain, Str+4 Dex+3
                  | Stlth-}
  1901 | D:3      | Noticed Natasha
  1911 | D:3      | Killed Natasha
  1912 | D:3      | Reached skill level 3 in Fighting
  2055 | D:3      | 2055 ||| Stepping ~*~*~tactically~*~*~ (outnumbered).
  2161 | D:3      | Reached skill level 6 in Ranged Weapons
  2220 | D:3      | Noticed Robin
  2235 | D:3      | Killed Robin
  2303 | D:3      | 2303 ||| READING scroll labelled KEUCAT LAZO.
  2304 | D:3      | 2304 ||| READING scroll labelled OSCHOC NOIRHI.
  2305 | D:3      | 2305 ||| READING scroll labelled DUME VASYAJ.
  2428 | D:4      | Found a glowing golden altar of the Shining One.
  2428 | D:4      | Noticed a lemure
  2428 | D:4      | Noticed a lemure
  2429 | D:4      | Noticed Pikel
  2429 | D:4      | Noticed a lemure
  2429 | D:4      | Noticed a lemure
  2475 | D:4      | Noticed an ogre
  2481 | D:4      | Noticed a black bear
  2483 | D:4      | Killed an ogre
  2484 | D:4      | Reached XP level 6. HP: 55/55 MP: 6/6
  2498 | D:4      | HP: 13/55 [black bear (5)]
  2500 | D:4      | HP: 1/55 [iguana (8)]
  2500 | D:4      | Slain by a black bear

Levels and vault maps discovered:
D:1:      dpeg_arrival_yet_another_circle, layout_loops_ring,
          minmay_pentomino_p4
D:2:      layout_loops_ring, serial_shops, shop
D:3:      kennysheep_big_flooded_room, layout_loops_cross, uniq_robin,
          uniq_natasha
D:4:      layout_layer_cave, tso_metal_star,
          mainiacjoe_overflow_concentric_impassable, uniq_pikel,
          uniq_blork_the_orc

Skill      XL: |  1  2  3  4  5 |
---------------+----------------+-----
Ranged Weapons | 3 4 5 6 |  6.0
Fighting       | 2 4 |  4.8
Dodging        | |  2.1
Spellcasting   | |  1.0
Hexes          | |  2.0

Action                     |  1- 3 |  4- 6 || total
---------------------------+-------+-------++-------
   Fire: Sling             |   116 |   132 ||   248
    Use: Scroll            |     4 |     3 ||     7
         Potion            |     1 |       ||     1
 Armour: Robe              |     5 |       ||     5
         Leather armour    |     6 |    47 ||    53
  Dodge: Dodged            |    43 |    79 ||   122

Table legend:
 A = Non-vault XP
 B = Vault XP
 C = Vault XP percentage of total XP
 D = Non-vault monster count
 E = Vault monster count
 F = Vault count percentage of total count
                 A         B        C        D         E       F
            +---------+---------+-------+---------+---------+-------
      Total |     397 |      91 |  18.6 |      63 |      16 |  20.3
            +---------+---------+-------+---------+---------+-------
        D:1 |      39 |       7 |  15.2 |      24 |       4 |  14.3
        D:2 |      36 |       0 |   0.0 |      12 |       0 |   0.0
        D:3 |     202 |      84 |  29.4 |      22 |      12 |  35.3
        D:4 |     120 |       0 |   0.0 |       5 |       0 |   0.0
            +---------+---------+-------+---------+---------+-------
